 Dungeon Crawl Stone Soup version 0.31-a0-303-gdc8c9485ea (webtiles) character file.

Game seed: 11813023052037546847

1102 cforsyth the Ducker (level 8, 0/69 HPs)
             Began as a Meteoran Shapeshifter on July 16, 2023.
             Slain by an orc priest
             ... wielding a +0 hand axe
              (6 damage)
             ... on level 5 of the Dungeon on July 17, 2023.
             The game lasted 00:09:23 (1983 turns).

cforsyth the Ducker (Meteoran Shapeshifter)         Turns: 1983, Time: 00:09:24

Health: 0/69       AC:  6    Str: 19    XL:     8   Next: 89%
Magic:  9/9        EV: 12    Int: 10    God:
Gold:   100        SH:  0    Dex: 14    Spells: 7/7 levels left

rFire   . .          .
                       - Unarmed
rCold   . . .        (no shield)
rNeg    . . .        r - +0 scale mail
rPois   .            (helmet currently unavailable)
rElec   .            (cloak currently unavailable)
rCorr   .            (gloves currently unavailable)
SInv    .            (boots currently unavailable)
Will    +....        (no amulet) Stlth
                     (no ring)
HPRegen 0.31/turn    (no ring)
MPRegen 0.11/turn

%: no passive effects
@: beast-form, glowing
A: beast (slay +4), sense surroundings 1, otherworldly, glowing, explore regen
a: Begin Untransformation


You were on level 5 of the Dungeon.
You were a hulking beast.
You visited 1 branch of the dungeon, and saw 6 of its levels.

You collected 100 gold pieces.

Inventory:

Armour
 a - a +0 animal skin
 n - a +0 hat
 r - a +0 scale mail (worn)
 v - a +0 cloak
Talismans
 c - a beast talisman
Wands
 u - a wand of acid (12)
Scrolls
 f - 2 scrolls of fog {unknown}
 g - a scroll of immolation {unknown}
 l - 3 scrolls of identify {unknown}
 m - 2 scrolls of teleportation {unknown}
 o - a scroll of torment {unknown}
 q - a scroll of poison {unknown}
 s - a scroll of noise {unknown}
 t - a scroll of vulnerability {unknown}
Potions
 b - a potion of lignification
 d - a potion of might {unknown}
 e - 4 potions of curing
 h - a potion of berserk rage {unknown}
 i - a potion of degeneration {unknown}
 j - a potion of magic {unknown}
 k - a potion of attraction {unknown}
 p - a potion of enlightenment {unknown}


   Skills:
 + Level 5.5 Fighting
 + Level 6.2 Dodging
 + Level 6.1 Unarmed Combat
 + Level 6.0 Shapeshifting


You had 7 spell levels left.
You didn't know any spells.
Your spell library contained the following spells:

 Spells                   Type           Power      Damage    Failure   Level
 Slow                     Hex            0%         N/A       77%         1
 Ensorcelled Hibernation  Hex/Ice        0%         N/A       88%         2
 Passwall                 Tmut/Erth      0%         N/A       88%         2
 Wereblood                Tmut           0%         N/A       88%         2
 Confusing Touch          Hex            0%         N/A       98%         3
 Dazzling Flash           Conj/Hex       0%         N/A       98%         3
 Swiftness                Air            0%         N/A       98%         3
 Vampiric Draining        Necr           0%         2d6       98%         3
 Volatile Blastmotes      Fire/Tloc      0%         2d10      98%         3
 Irradiate                Conj/Tmut      0%         3d11      100%        5
 Starburst                Conj/Fire      0%         6d3       100%        6
 Maxwell's Capacitive Co  Air            0%         ∞         100%        8


Dungeon Overview and Level Annotations

Branches:
Dungeon (6/15) Zot: 1629
 Temple: D:4-7

Altars:
Kikubaaqudgha

Annotations:
D:5 1 runed translucent door, Crazy Yiuf


Innate Abilities, Weirdness & Mutations

You are a hulking beast.
Your limbs bulge with bestial killing power. (Slay +4)
You passively map a small area around you.
You are easily found by Zot.
You glow in the dark.
You regain HP and MP as you explore.


Message History

You see here a water moccasin corpse.
You feel very sick.
You feel sick.
You feel sick.
You feel sick.
You feel sick.
You feel sick.
You feel sick.
An orc comes into view. It is wielding a +1 hand axe of venom.
You feel sick.
The orc shouts! x2
You feel sick.
The orc priest shouts!
The orc priest invokes the aid of Beogh against you.
Pain shoots through your body!
You feel sick.
You are no longer poisoned.
The orc priest mumbles some strange prayers to Beogh against you.
Beogh smites you!
* * * LOW HITPOINT WARNING * * *
You feel better.
Unknown command.
You punch the orc!
You kill the orc!
The orc priest hits you with a +0 hand axe.
* * * LOW HITPOINT WARNING * * *
The orc closely misses you.
Things that are here:
a +1 hand axe of venom; a +0 ring mail You punch the orc priest!
The orc priest is heavily wounded.
The orc priest mumbles some strange prayers to Beogh against you.
Beogh smites you!
* * * LOW HITPOINT WARNING * * *
The orc hits you with a +0 mace.
* * * LOW HITPOINT WARNING * * *
You hit the orc priest.
The orc priest is severely wounded.
The orc priest hits you with a +0 hand axe.
You die...

.######...####
.######......####
................#
$........###.##.#
########.# #.##.#
#.# #.##†# # ###
#.##.## , ,#..#.
#####..# *
#o..#.####h# ,
#......oo#
#...#.######
#..#.*### #.# ,
,# # #.# #.# ####
#.##### .#..#
#.....# ....#
#####.#


You could see an orc priest and an orc.

Vanquished Creatures
  A water moccasin (D:5)
  A black bear (D:5)
  An ice beast (D:4)
  A sky beast (D:6)
  An ogre (D:4)
  2 centaurs
  A phantom (D:4)
  A scorpion (D:4)
  2 hounds (D:5)
  A jelly (D:4)
  3 iguanas (D:5)
  3 orc wizards
  2 gnolls (D:4)
  2 adders
  A worm (D:2)
  5 orcs
  9 ball pythons
  A bat (D:3)
  5 endoplasms
  3 giant cockroaches
  3 hobgoblins (D:2)
  2 jackals (D:3)
  10 kobolds
  4 quokkas
  4 frilled lizards (D:2)
  5 goblins
  4 rats
78 creatures vanquished.

Notes
Turn   | Place    | Note
-------+----------+-------------------------------------------
     0 | D:1      | cforsyth the Meteoran Shapeshifter began the quest for the
                  | Orb.
     0 | D:1      | Reached XP level 1. HP: 17/17 MP: 2/2
     0 | D:1      | Noticed a tentacled monstrosity
     0 | D:1      | Noticed an iron dragon
     0 | D:1      | Noticed an orb of fire
     2 | D:1      | Noticed a tentacled monstrosity
     5 | D:1      | Noticed a red draconian
     6 | D:1      | Noticed a shadow dragon
     7 | D:1      | Noticed an ice dragon
     8 | D:1      | Noticed an iron dragon
    10 | D:1      | Noticed a red draconian
    12 | D:1      | Noticed a golden dragon
    12 | D:1      | Noticed an orb of fire
    14 | D:1      | Noticed a large abomination
    14 | D:1      | Noticed a shadow dragon
    18 | D:1      | Noticed a large abomination
    20 | D:1      | Noticed an orb of fire
    74 | D:1      | Reached XP level 2. HP: 22/24 MP: 3/3
   180 | D:3      | Found an ancient bone altar of Kikubaaqudgha.
   187 | D:2      | Reached XP level 3. HP: 20/30 MP: 4/4
   329 | D:2      | Reached XP level 4. HP: 37/37 MP: 5/5
   707 | D:3      | Reached XP level 5. HP: 22/45 MP: 6/6
   884 | D:4      | Noticed an ice beast
   907 | D:4      | Killed an ice beast
   908 | D:4      | Reached XP level 6. HP: 11/52 MP: 7/7
  1012 | D:5      | Entered Level 5 of the Dungeon
  1070 | D:4      | Noticed an ogre
  1077 | D:4      | Reached XP level 7. HP: 51/59 MP: 8/8
  1084 | D:4      | Reached skill level 5 in Shapeshifting
  1099 | D:4      | Reached skill level 5 in Dodging
  1099 | D:4      | Reached skill level 5 in Unarmed Combat
  1524 | D:5      | Reached XP level 8. HP: 51/67 MP: 9/9
  1533 | D:6      | Noticed a steam dragon
  1717 | D:5      | Found a runed translucent door.
  1718 | D:5      | Noticed Crazy Yiuf
  1796 | D:5      | Reached skill level 5 in Fighting
  1815 | D:5      | HP: 3/68 [poisoned by a kobold]
  1983 | D:5      | Slain by an orc priest

Illustrated notes

Levels and vault maps discovered:
D:1:      shiori_arrival_whats_in_store_for_you, layout_rooms, fountainhead,
          nrook_campfire, nrook_mini_vaults, nrook_loot_triangle,
          minmay_hexomino_f4
D:2:      layout_basic, kennysheep_path_1, dk_vineyard_1, minmay_strange_pillars
D:3:      layout_loops_ring, nicolae_kikubaaqudgha_miasma_corner,
          ebering_ecumenical_altar_petrified
D:4:      layout_basic, minmay_distorted
D:5:      minmay_spotlight, layout_loops_ring,
          mainiacjoe_overflow_cross_hatched, uniq_crazy_yiuf_cottage
D:6:      layout_cave_pods, minmay_temple_entry_large_hall

Skill      XL: |  1  2  3  4  5  6  7  8 |
---------------+-------------------------+-----
Dodging        | 3 4 5 6 |  6.2
Unarmed Combat | 3 4 5 6 |  6.1
Shapeshifting  | 4 5 6 |  6.0
Fighting       | 3 4 5 |  5.5

Action                     |  1- 3 |  4- 6 |  7- 9 || total
---------------------------+-------+-------+-------++-------
  Melee: Unarmed           |    32 |    85 |   130 ||   247
         Punch             |     1 |     3 |     7 ||    11
    Use: Potion            |       |     1 |     2 ||     3
 Armour: Animal skin       |     3 |     6 |       ||     9
         Skin              |       |     3 |       ||     3
         Scale mail        |       |     7 |    52 ||    59
  Dodge: Dodged            |    14 |    37 |    82 ||   133

Table legend: (Time is in decaauts)
 A = Elapsed time spent in this place.
 B = Non-inter-level travel time spent in this place.
 C = Inter-level travel time spent in this place.
 D = Time resting spent in this place.
 E = Time spent auto-exploring this place.
 F = Levels seen in this place.
 G = Mean time per level.
                   A        B        C        D        E       F      G
               +--------+--------+--------+--------+--------+-----+--------+
         Total |   1969 |   1945 |     24 |     17 |      0 |   6 |  328.2 |
       Dungeon |   1969 |   1945 |     24 |     17 |      0 |   6 |  328.2 |
               +--------+--------+--------+--------+--------+-----+--------+

Top non-repeatable levels by time:
     D:4: 677 daAuts
     D:2: 477 daAuts
     D:5: 447 daAuts
     D:3: 237 daAuts
     D:1: 99 daAuts
     D:6: 29 daAuts
